 Dungeon Crawl Stone Soup version 0.26-a0-597-gb535b0901c (webtiles) character file.

Game seed: 17571127877329707781

170 Lugonue the Shooter (level 5, -5/30 HPs)
             Began as a Deep Elf Hunter on Sept 14, 2020.
             Slain by a worker ant (6 damage)
             ... on level 3 of the Dungeon.
             The game lasted 00:05:23 (2734 turns).

Lugonue the Shooter (Deep Elf Hunter)               Turns: 2734, Time: 00:05:24

Health: -5/30      AC:  7    Str:  7 (9)  XL:     5   Next: 25%
Magic:  7/7        EV: 12    Int: 16 (17) God:
Gold:   147        SH:  0    Dex: 12 (15) Spells: 4/4 levels left

rFire    . . .     SeeInvis .   b - +0 short sword
rCold    . . .     Faith    .   (no shield)
rNeg     . . .     Spirit   .   c - +0 leather armour
rPois    .         Reflect  .   (no helmet)
rElec    .         Harm     .   n - +2 cloak
rCorr    .                      i - +0 pair of gloves
MR       +....                  (no boots)
Stlth    +.........             d - amulet of regeneration
HPRegen  0.50/turn              f - ring of protection from magic
MPRegen  0.10/turn              (no ring)

@: lethally poisoned (-5 -> -9), about to teleport
A: no striking features
a: no special abilities


You were on level 3 of the Dungeon.
You visited 1 branch of the dungeon, and saw 4 of its levels.

You collected 147 gold pieces.

Inventory:

Hand Weapons
 a - a +1 shortbow
 b - a +0 short sword (weapon)
Missiles
 e - 6 arrows
Armour
 c - a +0 leather armour (worn)
 g - a +0 pair of boots
 i - a +0 pair of gloves (worn)
 n - a +2 cloak (worn)
Jewellery
 d - an amulet of regeneration (around neck)
 f - a ring of protection from magic (left hand)
Scrolls
 j - 2 scrolls of teleportation
 k - 5 scrolls of identify
 l - a scroll of random uselessness {unknown}
 q - a scroll of enchant weapon {unknown}
 r - a scroll of fear
 s - a scroll of remove curse {unknown}
 t - a scroll of magic mapping {unknown}
Potions
 m - a potion of brilliance
 o - a potion of cancellation


   Skills:
 + Level 2.1 Fighting
 + Level 0.3 Short Blades
 + Level 7.6 Bows
 + Level 1.1 Armour
 + Level 3.0 Dodging
 + Level 1.4 Stealth


You had 4 spell levels left.
You didn't know any spells.
Your spell library was empty.

Dungeon Overview and Level Annotations

Branches:
Dungeon (4/15)
 Temple: D:4-7

Altars:
Dithmenos
Zin

Annotations:
D:3 Robin


Message History

* * * LOW HITPOINT WARNING * * *
You are more poisoned.
The worker ant poisons you!
Unknown command.
As you read the scroll labeled AGROTO VYUWK, it crumbles to dust.
It is a scroll of identify.
r - a scroll of fear You feel sick.
The worker ant bites you.
* * * LOW HITPOINT WARNING * * *
You are lethally poisoned!
The worker ant poisons you!
As you read the scroll of teleportation, it crumbles to dust.
You feel strangely unstable.
* * * LOW HITPOINT WARNING * * *
You feel sick. The worker ant barely misses you.
Unknown command.
A ball python and an adder come into view.
* * * LOW HITPOINT WARNING * * *
You feel sick. The worker ant bites you.
You die...

... ### ## ..##.. .#
....##. ...#.. S ..#.#
....######+#.#.#
#...@a#.#.#.#########
.S..................>..o
.....###.#.#.#)#########
###..###.#.#.#.# #..
##.......#.#.#######.#
#.###.#.#.#........o.
#.#.#.###########
#.#.... #.#....


You could see a worker ant, an adder (wandering) and a ball python (asleep).

Vanquished Creatures
  An orc priest (D:4)
  An orc wizard (D:4)
  A centaur skeleton (D:4)
  A hound skeleton (D:4)
  2 adders (D:4)
  A worm (D:2)
  2 leopard geckos
  5 orcs
  A giant cockroach (D:2)
  6 goblins
  10 hobgoblins
  7 kobolds
  A ball python (D:2)
  A bat (D:2)
  3 frilled lizards
  A jackal skeleton (D:4)
  4 rats
48 creatures vanquished.

Notes
Turn   | Place    | Note
-------+----------+-------------------------------------------
     0 | D:1      | Lugonue the Deep Elf Hunter began the quest for the Orb.
     0 | D:1      | Reached XP level 1. HP: 12/12 MP: 3/3
   187 | D:1      | Reached XP level 2. HP: 16/17 MP: 4/4
   506 | D:1      | Reached skill level 6 in Bows
   832 | D:2      | Found a shadowy altar of Dithmenos.
   833 | D:2      | Found a glowing silver altar of Zin.
  1023 | D:2      | Reached XP level 3. HP: 21/21 MP: 5/5
  2005 | D:4      | Reached XP level 4. HP: 19/26 MP: 6/6
  2055 | D:4      | Reached skill level 7 in Bows
  2055 | D:4      | Reached skill level 1 in Armour
  2340 | D:4      | Reached XP level 5. HP: 20/30 MP: 7/7
  2466 | D:3      | Noticed Robin
  2734 | D:3      | HP: 1/30 [poisoned by a worker ant]
  2734 | D:3      | Slain by a worker ant

Illustrated notes

Levels and vault maps discovered:
D:1:      lemuel_arrival_funnel, layout_loops_cross
D:2:      layout_loops_cross, gammafunk_temple_overflow_pools
D:3:      layout_basic, gammafunk_ghost_grave, uniq_robin
D:4:      minmay_angry_zag, layout_basic

Skill      XL: |  1  2  3  4  5 |
---------------+----------------+-----
Bows           | 6 7 |  7.6
Fighting       | 2 |  2.1
Armour         | 1 |  1.1
Dodging        | 3 |  3.0
Short Blades   | |  0.3
Stealth        | |  1.4

Action                   |  1- 3 |  4- 6 || total
-------------------------+-------+-------++-------
Melee: Short sword       |    19 |   112 ||   131
 Fire: Shortbow          |    99 |     8 ||   107
  Use: Potion            |     1 |     4 ||     5
       Scroll            |       |     5 ||     5
 Stab: Distracted        |       |     1 ||     1
Armor: Leather armour    |    16 |    40 ||    56
Dodge: Dodged            |    29 |    95 ||   124

Table legend: (Time is in decaauts)
 A = Elapsed time spent in this place.
 B = Non-inter-level travel time spent in this place.
 C = Inter-level travel time spent in this place.
 D = Time resting spent in this place.
 E = Time spent auto-exploring this place.
 F = Levels seen in this place.
 G = Mean time per level.
                   A        B        C        D        E       F      G
               +--------+--------+--------+--------+--------+-----+--------+
         Total |   2744 |   2669 |     75 |    658 |   1359 |   4 |  686.0 |
       Dungeon |   2744 |   2669 |     75 |    658 |   1359 |   4 |  686.0 |
               +--------+--------+--------+--------+--------+-----+--------+

Top non-repeatable levels by time:
     D:2: 974 daAuts
     D:4: 920 daAuts
     D:1: 736 daAuts
     D:3: 113 daAuts
